 Dungeon Crawl Stone Soup version 0.30-a0-585-g93115170b9 (webtiles) character file.

Game seed: 17293119050059082624

1948 purpskrrrp the Changer (level 9, -3/60 HPs)
             Began as an Octopode Transmuter on Jan 1, 2023.
             Was a High Priest of Ru.
             Slain by a killer bee (5 damage)
             ... on level 7 of the Dungeon.
             The game lasted 00:17:22 (7892 turns).

purpskrrrp the Changer (Octopode Transmuter)        Turns: 7892, Time: 00:17:22

Health: -3/60      AC:  1    Str:  9    XL:     9   Next: 18%
Magic:  24/25      EV: 10    Int: 19    God:    Ru [*****.]
Gold:   449        SH:  9    Dex: 13    Spells: 14/17 levels left

rFire   . . .      SeeInvis .    p - +2 long sword
rCold   . . .      Faith    .    b - +0 kite shield
rNeg    . . .      Spirit   .    (helmet currently unavailable)
rPois   .          Reflect  .    (no amulet)
rElec   .          Harm     .    k - ring of magical power
rCorr   .          Rampage  .    (no ring)
Will    .....                    (no ring)
Stlth   ++++                     (no ring)
HPRegen 0.00/turn                (no ring)
MPRegen 0.19/turn                (no ring)
                                 (no ring)
                                 (no ring)

@: lethally poisoned (-3 -> -11), appendages, wereblooded, inhibited regen
A: tentacle spike 3, almost no armour, amphibious, 8 rings, camouflage 1,
gelatinous body 1, inability to use devices, inability to train dodging, (nimble
swimmer 1), tentacles, sense surroundings 1, inhibited regeneration
a: End Transformation, Renounce Religion, Draw Out Power, Power Leap, Apocalypse


You were on level 7 of the Dungeon.
You worshipped Ru.
Ru was extremely pleased with you.
One of your tentacles had grown a beastly spike.
You visited 2 branches of the dungeon, and saw 8 of its levels.

You collected 449 gold pieces.

Inventory:

Hand Weapons
 o - a +0 mace
 p - a +2 long sword (weapon)
Armour
 b - a +0 kite shield (worn)
Magical Staves
 e - a staff of earth
Jewellery
 k - a ring of magical power (left tentacle)
Wands
 h - a wand of charming (5)
Scrolls
 a - a scroll of identify
 d - 2 scrolls of fear
Potions
 c - a potion of invisibility
 f - a potion of berserk rage {unknown}
 g - 2 potions of haste
 i - a potion of brilliance
 l - a potion of curing
 m - 5 potions of flight
 n - a potion of might


   Skills:
 + Level 4.9 Fighting
   Level 0.0 Dodging
 + Level 4.4 Stealth
 + Level 4.5 Shields
 - Level 3.2 Unarmed Combat
 + Level 4.8 Spellcasting
 + Level 5.2 Transmutations
 - Level 1.5 Earth Magic


You had 14 spell levels left.
You knew the following spells:

 Your Spells              Type           Power      Damage    Failure   Level
a - Beastly Appendage     Tmut           48%        N/A       4%          1
b - Wereblood             Tmut           24%        N/A       6%          2

Your spell library contained the following spells:

 Spells                   Type           Power      Damage    Failure   Level
 Apportation              Tloc           8%         N/A       36%         1
 Spider Form              Tmut/Pois      14%        N/A       36%         3
 Hailstorm                Conj/Ice       4%         3d4       73%         3
 Ice Form                 Ice/Tmut       14%        N/A       77%         4
 Animate Dead             Necr           4%         N/A       98%         4
 Alistair's Intoxication  Tmut/Pois      9%         N/A       98%         5
 Borgnjor's Vile Clutch   Necr/Erth      3%         N/A       100%        5
 Death Channel            Necr           2%         N/A       100%        6
 Simulacrum               Ice/Necr       2%         N/A       100%        6


Dungeon Overview and Level Annotations

Branches:
Dungeon (7/15)             Temple (1/1) D:4

Altars:
Ashenzari
Cheibriados
Dithmenos
Elyvilon
Fedhas
Gozag
Hepliaklqana
Kikubaaqudgha
Makhleb
Nemelex Xobeh
Okawaru
Qazlal
Ru
Vehumet
Wu Jian
Xom
Yredelemnul
Zin
The Shining One


Innate Abilities, Weirdness & Mutations

One of your tentacles has grown a beastly spike.
You cannot wear most types of armour.
You are amphibious.
You can wear up to eight rings at the same time.
Your skin changes colour to match your surroundings (Stealth+).
Your rubbery body absorbs attacks. (AC +1, EV +1)
You cannot study or use magical devices.
You cannot train Dodging skill.
((You are camouflaged when in or above water. (Stealth+)))
You have tentacles for arms and can constrict up to eight enemies at once.
You passively map a small area around you.
You do not regenerate when monsters are visible.


Message History

You hit the killer bee but do no damage.
You pierce the killer bee.
The killer bee is almost dead.
You constrict the killer bee.
You feel a bit better.
You kill the killer bee!
You feel sick. You block the killer bee's attack.
The killer bee is stunned by your conviction and fails to attack.
You hit the killer bee. Your grab misses the killer bee.
You squeeze the killer bee.
The killer bee is heavily wounded.
You feel sick. The killer bee stings you.
You are more poisoned.
The killer bee poisons you! You block the killer bee's attack.
The killer bee closely misses you.
You closely miss the killer bee. Your grab misses the killer bee.
Your tentacle spike misses the killer bee.
Your squeeze misses the killer bee.
The killer bee is heavily wounded.
You feel very sick. The killer bee stings you. The killer bee stings you!
You are more poisoned.
The killer bee poisons you!
The killer bee stings you but does no damage.
You closely miss the killer bee. Your grab misses the killer bee.
Your squeeze misses the killer bee.
The killer bee is heavily wounded.
You howl as the wereblood boils in your veins!
* * * LOW HITPOINT WARNING * * *
You feel very sick.
The killer bee is stunned by your conviction and fails to attack.
The killer bee stings you!
* * * LOW HITPOINT WARNING * * *
You focus your inner power and blind the killer bee in retribution!
The killer bee stings you but does no damage.
You barely miss the killer bee. Your grab misses the killer bee.
The killer bee is heavily wounded.
* * * LOW HITPOINT WARNING * * *
You feel very sick. The killer bee stings you.
You die...

, * .....,#.# #.# *
#...# #.# #.#
####...###.## #.# *
,
........(..######)#
* #..####.......[.#
#[......#########
##y###......... *
#y# #.######## #@#
#.# * #.# #.# * * *
#.# #.# , ..# #.#
** , * ### ### ,* *
*


You could see 2 killer bees.

Vanquished Creatures
  A hornet (D:7)
  2 water moccasins (D:6)
  An ice beast (D:5)
  2 black bears (D:5)
  2 ogres
  A phantom (D:4)
  A bullfrog (D:7)
  A kobold brigand (D:6)
  2 necrophages
  3 scorpions
  A killer bee (D:7)
  A crimson imp (D:4)
  2 hounds
  A gnoll bouda (D:5)
  2 jellies (D:5)
  6 iguanas
  9 gnolls
  8 adders
  A shadow imp (D:7)
  2 ufetubi (D:5)
  2 worms (D:2)
  8 dart slugs
  9 orcs
  5 endoplasms
  A giant cockroach (D:2)
  8 goblins
  9 hobgoblins
  8 jackals
  3 quokkas
  10 ball pythons
  5 bats
  3 frilled lizards
  12 kobolds
  5 rats
137 creatures vanquished.

Notes
Turn   | Place    | Note
-------+----------+-------------------------------------------
     0 | D:1      | purpskrrrp the Octopode Transmuter began the quest for the
                  | Orb.
     0 | D:1      | Reached XP level 1. HP: 13/13 MP: 3/3
   152 | D:1      | Reached XP level 2. HP: 18/18 MP: 1/5
   480 | D:1      | Reached XP level 3. HP: 23/23 MP: 3/6
   691 | D:2      | HP: 1/23 [jackal (1)]
   904 | D:2      | Found a sacrificial altar of Ru.
  1202 | D:2      | Reached XP level 4. HP: 27/28 MP: 4/7
  1300 | D:2      | Reached skill level 1 in Earth Magic
  1770 | D:2      | Became a worshipper of Ru the Awakened
  1997 | D:3      | Reached skill level 1 in Shields
  2231 | D:3      | Reached XP level 5. HP: 24/34 MP: 6/8
  2592 | D:3      | Reached skill level 1 in Evocations
  2767 | D:4      | Noticed a phantom
  2798 | D:4      | Killed a phantom
  2980 | D:4      | Found a staircase to the Ecumenical Temple.
  2994 | D:4      | Gained mutation: You cannot study or use magical devices.
                  | [Ru sacrifice]
  2994 | D:4      | Reached * piety under Ru
  2994 | D:4      | Reached ** piety under Ru
  3045 | D:4      | Reached skill level 3 in Transmutations
  3045 | D:4      | Reached XP level 6. HP: 26/41 MP: 10/10
  3205 | D:4      | Found an ancient bone altar of Kikubaaqudgha.
  3206 | D:4      | Found a broken altar of Ashenzari.
  3206 | D:4      | Found a sparkling altar of Nemelex Xobeh.
  3208 | D:4      | Found a shadowy altar of Dithmenos.
  3377 | D:4      | Found a white marble altar of Elyvilon.
  3433 | D:4      | Found a shimmering altar of Xom.
  3433 | D:4      | Found a burning altar of Makhleb.
  3480 | D:4      | Found a glowing silver altar of Zin.
  3612 | D:4      | Found a blossoming altar of Fedhas.
  3719 | D:4      | Reached XP level 7. HP: 25/45 MP: 11/11
  4289 | Temple   | Entered the Ecumenical Temple
  4405 | D:5      | Entered Level 5 of the Dungeon
  4988 | D:5      | Reached skill level 4 in Transmutations
  5380 | D:5      | Gained mutation: You passively map a small area around you.
                  | [potion of mutation]
  5380 | D:5      | Gained mutation: You do not regenerate when monsters are
                  | visible. [potion of mutation]
  5702 | D:5      | Reached XP level 8. HP: 36/54 MP: 13/13
  5789 | D:5      | Reached skill level 1 in Stealth
  6314 | D:6      | Learned a level 2 spell: Wereblood
  6999 | D:6      | Gained mutation: You cannot train Dodging skill. [Ru
                  | sacrifice]
  6999 | D:6      | Reached *** piety under Ru
  6999 | D:6      | Reached **** piety under Ru
  6999 | D:6      | Reached ***** piety under Ru
  7602 | D:7      | Reached skill level 5 in Transmutations
  7602 | D:7      | Reached XP level 9. HP: 59/59 MP: 15/15
  7612 | D:7      | Noticed a hornet
  7617 | D:7      | Paralysed by a hornet for 1 turns
  7622 | D:7      | Killed a hornet
  7892 | D:7      | HP: 2/60 [poisoned by a killer bee]
  7892 | D:7      | Slain by a killer bee

Illustrated notes

Levels and vault maps discovered:
D:1:      lightli_arrival_chessboard, layout_rooms
D:2:      layout_basic, basic_altar, minmay_misc_feat_x
D:3:      layout_basic, minivault_25
D:4:      layout_gridville, grunt_temple_overflow_champion_of_chaos,
          nicolae_overflow_hidden_temple, general_overflow_altar,
          chequers_temple_overflow_statue_of_worship,
          mainiacjoe_overflow_six_doors_small, minmay_temple_entry_ruins
D:5:      layout_loops_ring, minmay_fountain_box, corexii_checkpoint_a
D:6:      layout_gridville
D:7:      layout_loops_ring, enter_ossuary_1, uniq_pikel, uniq_duvessa,
          uniq_crazy_yiuf_cottage
Temple:   kb_temple_of_zot

Skill      XL: |  1  2  3  4  5  6  7  8  9 |
---------------+----------------------------+-----
Earth Magic    | 1 |  1.5
Shields        | 1 2 3 4 |  4.5
Fighting       | 2 3 4 |  4.9
Evocations     | 0 |  0.0
Dodging        | 3 4 0 |  0.0
Transmutations | 3 4 5 |  5.2
Spellcasting   | 3 4 |  4.8
Stealth        | 3 4 |  4.4
Unarmed Combat | |  3.2

Action                   |  1- 3 |  4- 6 |  7- 9 || total
-------------------------+-------+-------+-------++-------
Melee: Unarmed           |    13 |       |       ||    13
       Constrict         |    24 |    36 |    37 ||    97
       Kick              |    22 |    44 |    53 ||   119
       Tentacles         |    19 |    30 |    39 ||    88
       Staff             |    61 |    87 |       ||   148
       Punch             |     2 |     6 |     6 ||    14
       Mace              |       |    23 |       ||    23
       Long sword        |       |    21 |   147 ||   168
 Cast: Beastly Appendage |    22 |    38 |    34 ||    94
       Wereblood         |       |       |     5 ||     5
Invok: Sacrifice Artific |       |     1 |       ||     1
       Sacrifice Nimblen |       |       |     1 ||     1
       Apocalypse        |       |       |     1 ||     1
  Use: Scroll            |     2 |     7 |    12 ||    21
       Potion            |     1 |     4 |     5 ||    10
 Stab: Sleeping          |     4 |     9 |    10 ||    23
       Invisible         |       |     1 |       ||     1
       Paralysed         |       |       |     1 ||     1
Armor: Skin              |     9 |     7 |     6 ||    22
Dodge: Dodged            |    34 |    66 |    68 ||   168
Block: Kite shield       |    19 |    56 |    72 ||   147

Table legend: (Time is in decaauts)
 A = Elapsed time spent in this place.
 B = Non-inter-level travel time spent in this place.
 C = Inter-level travel time spent in this place.
 D = Time resting spent in this place.
 E = Time spent auto-exploring this place.
 F = Levels seen in this place.
 G = Mean time per level.
                   A        B        C        D        E       F      G
               +--------+--------+--------+--------+--------+-----+--------+
         Total |   8062 |   7578 |    484 |   1011 |   5252 |   8 | 1007.8 |
       Dungeon |   7964 |   7488 |    476 |   1011 |   5169 |   7 | 1137.7 |
        Temple |     97 |     89 |      8 |      0 |     83 |   1 |   97.0 |
               +--------+--------+--------+--------+--------+-----+--------+

Top non-repeatable levels by time:
     D:4: 2018 daAuts
     D:5: 1398 daAuts
     D:6: 1367 daAuts
     D:2: 1241 daAuts
     D:3: 955 daAuts
     D:1: 600 daAuts
     D:7: 382 daAuts
  Temple: 97 daAuts
